 Dungeon Crawl Stone Soup version 0.29.1-2-gbd0b4ee654 (webtiles) character file.

Game seed: 1124697551204981847

61 nanemone the Poker (level 4, -3/41 HPs)
             Began as a Hill Orc Berserker on Nov 8, 2022.
             Was a Follower of Trog.
             Slain by a gnoll
             ... wielding a +0 club
              (4 damage)
             ... on level 2 of the Dungeon on Nov 9, 2022.
             The game lasted 00:07:29 (1506 turns).

nanemone the Poker (Hill Orc Berserker)             Turns: 1506, Time: 00:07:29

Health: -3/41      AC:  2    Str: 27    XL:     4   Next: 7%
Magic:  4/4        EV: 12    Int:  7    God:    Trog [*.....]
Gold:   57         SH:  0    Dex: 10    Spells: 3/3 levels left

rFire   . . .      SeeInvis .   a - +0 spear
rCold   . . .      Faith    .   (no shield)
rNeg    . . .      Spirit   .   b - +0 animal skin
rPois   .          Reflect  .   (no helmet)
rElec   .          Harm     .   (no cloak)
rCorr   .          Rampage  .   (no gloves)
Will    .....                   (no boots)
Stlth   +.........              (no amulet)
HPRegen 0.13/turn               g - +6 ring of strength
MPRegen 0.09/turn               (no ring)

@: on berserk cooldown, slowed, very slow
A: no striking features
a: Renounce Religion, Berserk


You were on level 2 of the Dungeon.
You worshipped Trog.
Trog was aware of your devotion.
You visited 1 branch of the dungeon, and saw 2 of its levels.

You collected 57 gold pieces.

Inventory:

Hand Weapons
 a - a +0 spear (weapon)
Armour
 b - a +0 animal skin (worn)
Jewellery
 e - a ring of wizardry
 g - a +6 ring of strength (left hand)
Scrolls
 f - 3 scrolls of magic mapping
 h - a scroll of identify


   Skills:
 + Level 4.3 Fighting
 + Level 4.4 Polearms
 + Level 2.3 Armour
 + Level 1.8 Dodging
 + Level 0.4 Stealth


You had 3 spell levels left.
You didn't know any spells.
Your spell library was empty.

Dungeon Overview and Level Annotations

Branches:
Dungeon (2/15)

Altars:

Shops:
D:2 [


Message History

Things that are here:
a +0 club; a gnoll corpse You feel a strong urge to attack something.
You are no longer berserk.
You are exhausted.
You feel yourself slow down.
The gnoll throws a stone.
The stone misses you.
It was a potion of heal wounds.
You feel much better. The gnoll closely misses you. The gnoll misses you.
The gnoll hits you with a +0 club.
You closely miss the gnoll. The gnoll hits you with a +0 club.
The gnoll barely misses you.
A kobold comes into view. It is wielding a +0 short sword.
The gnoll hits you from afar with a +0 spear.
The kobold shouts!
You puncture the gnoll!
The gnoll is severely wounded.
The gnoll barely misses you. The gnoll misses you.
The gnoll hits you from afar with a +0 spear!
You hit the gnoll.
The gnoll is severely wounded.
The gnoll hits you with a +0 club! The gnoll barely misses you.
The gnoll hits you from afar with a +0 spear!
* * * LOW HITPOINT WARNING * * *
The gnoll barely misses you.
The gnoll hits you from afar with a +0 spear.
* * * LOW HITPOINT WARNING * * *
The gnoll closely misses you.
Okay, then.
It was a potion of curing.
You feel better. The gnoll barely misses you.
The gnoll hits you from afar with a +0 spear.
* * * LOW HITPOINT WARNING * * *
The gnoll hits you from afar with a +0 spear.
* * * LOW HITPOINT WARNING * * *
You aren't carrying any items that you can evoke.
As you read the scroll labelled GUSMEH MIBA, it crumbles to dust.
It is a scroll of identify.
f - 3 scrolls of magic mapping The gnoll hits you with a +0 club.
You die...

#........# #...# #.....
#........# #...# #.....
#........# #...# ######
+........# ###.#
#......†.# #.########
...........# #.........
...........# #.........
###........#####.........
#.#......†).@gg........
#........#####gK.......
..###....# #......... #.
#.#### #......... #.
#......... #. #########


You could see 3 gnolls and a kobold.

Vanquished Creatures
  A gnoll (D:2)
  2 adders (D:2)
  2 dart slugs (D:1)
  A ball python (D:1)
  An endoplasm (D:1)
  3 giant cockroaches
  A goblin (D:1)
  2 hobgoblins (D:1)
  4 jackals (D:2)
  3 kobolds
  3 quokkas
  A bat (D:2)
  A frilled lizard (D:2)
  4 rats
29 creatures vanquished.

Vanquished Creatures (others)
  A fungus (D:2)
  A plant (D:2)
2 creatures vanquished.

Grand Total: 31 creatures vanquished

Notes
Turn   | Place    | Note
-------+----------+-------------------------------------------
     0 | D:1      | nanemone the Hill Orc Berserker began the quest for the
                  | Orb.
     0 | D:1      | Reached XP level 1. HP: 19/19 MP: 1/1
   238 | D:1      | Reached XP level 2. HP: 27/27 MP: 2/2
   868 | D:1      | You fall into a shaft and drop 1 floor!
   997 | D:2      | Reached XP level 3. HP: 15/33 MP: 3/3
  1177 | D:2      | Found a faded altar of an unknown god.
  1331 | D:2      | Found Pocey's Antique Armour Shop.
  1498 | D:2      | Reached XP level 4. HP: 41/41 MP: 4/4
  1505 | D:2      | HP: 1/41 [gnoll/+0 spear (3)]
  1506 | D:2      | Slain by a gnoll

Illustrated notes

Levels and vault maps discovered:
D:1:      moated_graveyard_arrival, layout_basic
D:2:      layout_basic, serial_shops, nicolae_shop_behind_doors,
          dreamdust_ecumenical_altar_grove, uniq_terence

Skill      XL: |  1  2 |
---------------+-------+-----
Fighting       | 4 |  4.3
Polearms       | 4 |  4.4
Armour         | |  2.3
Dodging        | |  1.8
Stealth        | |  0.4

Action                   |  1- 3 |  4- 6 || total
-------------------------+-------+-------++-------
Melee: Spear             |    99 |     3 ||   102
       Punch             |     3 |       ||     3
Invok: Berserk           |     1 |       ||     1
  Use: Potion            |       |     2 ||     2
       Scroll            |       |     1 ||     1
 Stab: Sleeping          |     2 |       ||     2
Armor: Animal skin       |    10 |       ||    10
Dodge: Dodged            |    57 |    11 ||    68
